 Dungeon Crawl Stone Soup version 0.28.0-43-g3370ac3207 (webtiles) character file.

Game seed: 15157261287612604471

49 lonewolfV2 the Skirmisher (level 3, -1/29 HPs)
             Began as a Demonspawn Berserker on Mar 25, 2022.
             Was a Believer of Trog.
             Slain by a worm (11 damage)
             ... on level 2 of the Dungeon.
             The game lasted 00:03:04 (1581 turns).

lonewolfV2 the Skirmisher (Demonspawn Berserker)    Turns: 1581, Time: 00:03:04

Health: -1/29      AC:  2    Str: 19    XL:     3   Next: 53%
Magic:  3/3        EV: 10    Int:  8    God:    Trog [**....]
Gold:   71         SH:  7    Dex: 14    Spells: 2/2 levels left

rFire   . . .      SeeInvis .   a - +0 hand axe
rCold   . . .      Faith    .   d - +0 kite shield
rNeg    . . .      Spirit   .   b - +0 animal skin
rPois   .          Reflect  .   (no helmet)
rElec   .          Harm     .   (no cloak)
rCorr   .          Rampage  .   (no gloves)
Will    .....                   (no boots)
Stlth   ++........              (no amulet)
HPRegen 0.09/turn               (no ring)
MPRegen 0.08/turn               (no ring)

@: no status effects
A: thin skeletal structure 1
a: Renounce Religion, Berserk, Trog's Hand


You were on level 2 of the Dungeon.
You worshipped Trog.
Trog was pleased with you.
You visited 1 branch of the dungeon, and saw 2 of its levels.

You collected 71 gold pieces.

Inventory:

Hand Weapons
 a - a +0 hand axe (weapon)
Armour
 b - a +0 animal skin (worn)
 d - a +0 kite shield (worn)
Scrolls
 c - a scroll of fear


   Skills:
 + Level 3.4 Fighting
 + Level 3.4 Axes
 + Level 1.8 Armour
 + Level 2.1 Dodging
 + Level 0.4 Stealth
 + Level 0.1 Shields


You had 2 spell levels left.
You didn't know any spells.
Your spell library was empty.

Dungeon Overview and Level Annotations

Branches:
Dungeon (2/15)

Altars:


Innate Abilities, Weirdness & Mutations

You have a somewhat thin skeletal structure. (Dex +2, Stealth+)


Message History

The rat is severely wounded.
The rat bites you but does no damage. The rat misses you.
You closely miss the rat.
The rat is severely wounded.
The rat bites you.
* * * LOW HITPOINT WARNING * * *
The dart slug launches a dart at you. You block the slug dart.
You barely miss the rat.
The rat is severely wounded.
The rat barely misses you.
You closely miss the rat.
The rat is severely wounded.
You block the rat's attack. x2
You hit the rat but do no damage.
The rat is severely wounded.
You block the rat's attack.
You hit the rat.
You kill the rat!
Trog accepts your kill.
You hit the dart slug but do no damage. You block the dart slug's attack.
You hit the dart slug but do no damage. The dart slug launches a dart at you.
You block the slug dart.
You hit the dart slug but do no damage. You slash the dart slug!
The dart slug is almost dead.
The dart slug completely misses you.
You hit the dart slug.
You kill the dart slug!
Trog accepts your kill.
You see here a ball python corpse.
You see here a ball python corpse.
You see here a rat corpse.
A worm comes into view.
You see here an amulet of the acrobat.
You hit the worm.
The worm is moderately wounded.
The worm bites you!
You die...

#.#..............
................ #
...............# .#
...............# #.#.
..............## #...
...............###..#
............†..#...
.............†.#w#
..............."@##
#..###............#
.<.###........##..#
#............##....#
#........##### .##..#
##.....#...# #. #.#
##....>###.# #. ...
##.....# ... .. ###.
##.....# ..#


You could see a worm.

Vanquished Creatures
  An adder (D:2)
  2 dart slugs
  5 ball pythons
  An endoplasm (D:1)
  5 giant cockroaches
  2 goblins
  6 hobgoblins
  A quokka (D:1)
  4 bats (D:1)
  4 kobolds
  4 rats
35 creatures vanquished.

Notes
Turn   | Place    | Note
-------+----------+-------------------------------------------
     0 | D:1      | lonewolfV2 the Demonspawn Berserker began the quest for the
                  | Orb.
     0 | D:1      | Reached XP level 1. HP: 18/18 MP: 1/1
   173 | D:1      | Gained mutation: You have a somewhat thin skeletal
                  | structure. (Dex +2, Stealth+) [demonic ancestry]
   173 | D:1      | Reached XP level 2. HP: 12/24 MP: 2/2
   565 | D:1      | You fall into a shaft and drop 1 floor!
  1138 | D:1      | Reached XP level 3. HP: 20/29 MP: 3/3
  1445 | D:2      | Reached ** piety under Trog
  1581 | D:2      | Slain by a worm

Illustrated notes

Levels and vault maps discovered:
D:1:      amcnicky_arrival_choice, layout_basic
D:2:      layout_rooms, basic_altar

Skill      XL: |  1  2 |
---------------+-------+-----
Axes           | 3 |  3.4
Dodging        | 2 |  2.1
Fighting       | |  3.4
Armour         | |  1.8
Stealth        | |  0.4
Shields        | |  0.1

Action                   || total
-------------------------++-------
Melee: Hand axe          ||   111
       Punch             ||     1
Invok: Trog's Hand       ||     1
  Use: Scroll            ||     2
 Stab: Sleeping          ||     3
Armor: Animal skin       ||    18
Dodge: Dodged            ||    79
Block: Kite shield       ||    37
